 Dungeon Crawl Stone Soup version 0.26.1-11-gd32895ea62 (webtiles) character file.

Game seed: 17636446533092701815

40 Descartes the Sneak (level 3, 0/14 HPs)
             Began as a Felid Enchanter on May 6, 2021.
             Slain by a leopard gecko (4 damage)
             ... on level 2 of the Dungeon.
             The game lasted 00:02:38 (1664 turns).

Descartes the Sneak (Felid Enchanter)               Turns: 1664, Time: 00:02:39

Health: 0/14       AC:  1    Str:  5    XL:     3   Next: 30%
Magic:  7/7        EV: 19    Int: 16    God:
Gold:   31         SH:  0    Dex: 16    Spells: 5/6 levels left
                                        Lives:  0   Deaths: 0

rFire    . . .     SeeInvis +     - Unarmed
rCold    . . .     Faith    .   (shield unavailable)
rNeg     . . .     Spirit   .   (armour unavailable)
rPois    .         Reflect  .   (helmet unavailable)
rElec    .         Harm     .   (cloak unavailable)
rCorr    .         Rampage  .   (gloves unavailable)
Will     .....                  (boots unavailable)
Stlth    +++.......             (no amulet)
HPRegen  0.04/turn              (no ring)
MPRegen  0.10/turn              (no ring)

@: quick
A: very small, no armour, no weapons or thrown items, stealth, claws 1, fangs 3,
see invisible, speed 1, shaggy fur 1, sharp paws
a: no special abilities


You were on level 2 of the Dungeon.
You visited 1 branch of the dungeon, and saw 2 of its levels.

You collected 31 gold pieces.

Inventory:

Missiles
 h - 25 stones
 i - 10 arrows
Scrolls
 c - a scroll of teleportation {unknown}
 e - a scroll of fog {unknown}
 g - 2 scrolls of remove curse {unknown}
 j - a scroll of identify {unknown}
 k - a scroll of enchant armour {unknown}
Potions
 a - a potion of brilliance {unknown}
 b - a potion of lignification {unknown}
 d - a potion of resistance {unknown}
 f - 2 potions of heal wounds {unknown}


   Skills:
 + Level 3.5 Dodging
 + Level 4.8 Stealth
 + Level 2.0 Unarmed Combat
 - Level 2.0 Spellcasting
 - Level 4.4 Hexes


You had 5 spell levels left.
You knew the following spells:

 Your Spells              Type           Power        Failure   Level
a - Corona                Hex            16%          3%          1

Your spell library contained the following spells:

 Spells                   Type           Power        Failure   Level
 Confusing Touch          Hex            15%          11%         3
 Tukima's Dance           Hex            15%          11%         3
 Ensorcelled Hibernation  Hex/Ice        16%          13%         2
 Dazzling Flash           Conj/Hex       16%          26%         3


Dungeon Overview and Level Annotations

Branches:
Dungeon (2/15)

Altars:


Innate Abilities, Weirdness & Mutations

You cannot wear armour.
You are incapable of wielding weapons or throwing items.
Your paws allow you to move quietly. (Stealth)
You have sharp claws.
You have razor-sharp teeth.
You have supernaturally acute eyesight. (SInv)
You cover ground quickly.
You are covered in fur. (AC +1)
Your sharp claws are effective at attacking unaware monsters.


Message History

You barely miss the worm. You bite the worm.
The worm is severely wounded.
The leopard gecko closely misses you.
The leopard gecko completely misses you.
The worm closely misses you.
You scratch the worm.
The worm is almost dead.
The leopard gecko closely misses you.
You scratch the worm but do no damage.
The worm is almost dead.
The leopard gecko bites you. The worm barely misses you.
You scratch the worm.
You kill the worm!
The leopard gecko bites you.
Your life force feels restored.
You see here a worm corpse.
You scratch the leopard gecko.
The leopard gecko is heavily wounded.
The leopard gecko bites you.
You die...

...####.#######
##.....)........
........#######.#
####.............
###.##..........
.........######.#
#.#.###.# #.# .
#.#.###.######.####....
# #.#..........@.[.(...
#.#.#..#####l######..
#.#............... #
##.#####.###...# #.#
#.# .# #.# #.# #.. #.#
... ... ... ...


You could see a leopard gecko.

Vanquished Creatures
  An adder (D:2)
  A worm (D:2)
  A dart slug (D:1)
  A leopard gecko (D:1)
  A giant cockroach (D:2)
  4 goblins
  3 hobgoblins (D:1)
  5 kobolds
  7 bats
  A frilled lizard (D:1)
25 creatures vanquished.

Notes
Turn   | Place    | Note
-------+----------+-------------------------------------------
     0 | D:1      | Descartes the Felid Enchanter began the quest for the Orb.
     0 | D:1      | Reached XP level 1. HP: 7/7 MP: 4/4
   252 | D:1      | Reached XP level 2. HP: 11/11 MP: 6/6
  1390 | D:2      | Reached XP level 3. HP: 7/14 MP: 7/7
  1664 | D:2      | Slain by a leopard gecko

Illustrated notes

Levels and vault maps discovered:
D:1:      psy_arrival_terrarium, layout_basic
D:2:      layout_basic, wad_floor_pattern_untrapped

Skill      XL: |  1  2 |
---------------+-------+-----
Dodging        | 3 |  3.5
Unarmed Combat | 2 |  2.0
Stealth        | |  4.8
Spellcasting   | |  2.0
Hexes          | |  4.4

Action                   || total
-------------------------++-------
Melee: Unarmed           ||   109
       Bite              ||    10
 Stab: Sleeping          ||     4
       Distracted        ||     1
Armor: Skin              ||     8
Dodge: Dodged            ||   102
